 Dungeon Crawl Stone Soup version 0.29.0-11-gd7f09526c8 (console) character file.

Game seed: 2713544095944312364

74 Olga the Trooper (level 4, -1/35 HPs)
             Began as a Djinni Abyssal Knight on Sept 3, 2022.
             Was a Believer of Lugonu.
             Killed from afar by Natasha (10 damage)
             ... with a bolt of dispelling energy
             ... on level 2 of the Dungeon.
             The game lasted 00:03:35 (2186 turns).

Olga the Trooper (Djinni Abyssal Knight)            Turns: 2186, Time: 00:03:36

Health: -1/35      AC:  3    Str: 12    XL:     4   Next: 54%
Gold:   62         EV: 12    Int: 11    God:    Lugonu [**....] SH:  0 Dex: 16

rFire   + + .      SeeInvis .   a - +1 falchion
rCold   x . .      Faith    .   (no shield)
rNeg    . . .      Spirit   .   b - +0 leather armour
rPois   inf        Reflect  .   (no helmet)
rElec   .          Harm     .   (no cloak)
rCorr   .          Rampage  .   (no gloves)
Will    .....                   (boots unavailable)
Stlth   +.........              (no amulet)
HPRegen 0.11/turn               i - ring of wizardry
MPRegen 0.00/turn               (no ring)

@: flying
A: sickness immunity, fire resistance 2, cold vulnerability 1, float, innate
caster, HP casting, extra vitality 1
a: Renounce Religion, Depart the Abyss, Bend Space


You were on level 2 of the Dungeon.
You worshipped Lugonu.
Lugonu was pleased with you.
You visited 1 branch of the dungeon, and saw 2 of its levels.
You visited the Abyss 1 time.

You collected 62 gold pieces.

Inventory:

Hand Weapons
 a - a +1 falchion (weapon)
Missiles
 c - 3 silver javelins
 g - 2 throwing nets
 h - 2 poisoned darts
Armour
 b - a +0 leather armour (worn)
Jewellery
 i - a ring of wizardry (left hand)
Scrolls
 k - a scroll of identify
Potions
 d - a potion of haste
 e - a potion of invisibility {unknown}
 f - a potion of attraction {unknown}
 j - a potion of might {unknown}


   Skills:
 + Level 3.5 Fighting
 + Level 2.4 Long Blades
 - Level 1.0 Armour
 - Level 2.1 Dodging
 * Level 1.5 Spellcasting
 - Level 2.3 Invocations


You had 5 spell levels left.
You knew the following spells:

 Your Spells              Type           Power      Damage    Failure   Level
a - Magic Dart            Conj           16%        1d3       9%          1
Your spell library was empty.

Dungeon Overview and Level Annotations

Branches:
Dungeon (2/15)

Altars:

Annotations:
D:2 1 runed translucent door, Crazy Yiuf, Natasha


Innate Abilities, Weirdness & Mutations

You are immune to sickness and miasma.
You are immune to poison.
Your flesh is very heat resistant. (rF++)
You are vulnerable to cold. (rC-)
You float through the air rather than walking.
You learn spells naturally, not from books.
Your magical power is your life essence.
You have superior vitality. (+4 MHP)


Message History

You feel yourself speed up.
Found a hammer.
Found a runed translucent door.
Crazy Yiuf shouts!
Items here: % ))).
k - a scroll of identify
Found a stone staircase leading up.
Natasha, Servant of Life and Death comes into view.
She is carrying a wand of quicksilver (8).
The magic dart hits Natasha.
Natasha is lightly wounded.
Natasha hisses angrily.
Natasha casts a spell at you. You resist with some effort.
The magic dart hits Natasha but does no damage.
Natasha is lightly wounded.
The magic dart hits Natasha.
Natasha is moderately wounded.
The magic dart hits Natasha but does no damage.
Natasha is moderately wounded.
Natasha stares at you and mumbles some strange words.
You resist with some effort.
The magic dart hits Natasha.
Natasha is moderately wounded.
Natasha zaps a wand.
The bolt of dispelling energy misses you.
The magic dart hits Natasha.
Natasha is heavily wounded.
Natasha mumbles some strange words.
The magic dart hits the crimson imp.
The crimson imp is lightly wounded.
Natasha howls an incantation.
You feel disoriented.
Natasha zaps a wand.
The bolt of dispelling energy hits you!
Okay, then.
Space bends violently around you!
You blink.
Natasha wildly gestures.
You feel disoriented. Natasha casts a spell at you.
You resist with some effort.
Natasha zaps a wand.
The bolt of dispelling energy hits you!
You die...

#...###.....###.........#
#......%.....##.......#.#
##..###......##.......#.#
..#...#......###.######.#
..###..#####.###.# #.# ..#
##........##.# #.# ..#
#######...#:######.######## ..#
#...................#
..############.5.....##.########
...............h@..............#
........########.####...########
...................###..###<...#
........########.#.# ##........#
######.## #.#.####.#####.## #.#
#.#.....>....#.# #.#
#.......####.#.# #.#
#.......####.#.# #.#
#..........#.#.# #.#
##......##.#.#.#


You could see Natasha and a crimson imp (summoned).

Vanquished Creatures
  Natasha (D:2)
  An adder (D:2)
  A dart slug (D:2)
  4 ball pythons
  3 bats
  3 endoplasms
  2 giant cockroaches (D:2)
  2 goblins (D:2)
  6 hobgoblins
  3 jackals (D:2)
  2 kobolds (D:1)
  2 quokkas (D:2)
  2 rats
32 creatures vanquished.

Notes
Turn   | Place    | Note
-------+----------+-------------------------------------------
     0 | Abyss:1  | Olga the Djinni Abyssal Knight began the quest for the Orb.
     0 | Abyss:1  | Reached XP level 1. HP: 20/20 MP: 0/0
     1 | D:1      | Escaped the Abyss
   323 | D:1      | Reached XP level 2. HP: 24/25 MP: 0/0
   667 | D:1      | Found a faded altar of an unknown god.
  1127 | D:2      | Reached XP level 3. HP: 24/30 MP: 0/0
  1127 | D:2      | Learned a level 1 spell: Magic Dart
  1409 | D:2      | Reached skill level 1 in Spellcasting
  1725 | D:2      | Reached XP level 4. HP: 25/35 MP: 0/0
  1915 | D:2      | Noticed Natasha
  1924 | D:2      | Killed Natasha
  2093 | D:2      | Found a runed translucent door.
  2094 | D:2      | Noticed Crazy Yiuf
  2177 | D:2      | Noticed Natasha
  2186 | D:2      | Killed from afar by Natasha

Illustrated notes

Levels and vault maps discovered:
D:1:      evilmike_arrival_rings, layout_basic,
          shapermc_ecumenical_altar_notcrosses
D:2:      layout_basic, basic_altar, uniq_crazy_yiuf_cottage, uniq_natasha

Skill      XL: |  1  2  3 |
---------------+----------+-----
Long Blades    | 2 |  2.4
Invocations    | 2 |  2.3
Spellcasting   | 1 |  1.5
Fighting       | |  3.5
Armour         | |  1.0
Dodging        | |  2.1

Action                   |  1- 3 |  4- 6 || total
-------------------------+-------+-------++-------
Melee: Falchion          |    75 |     9 ||    84
 Cast: Magic Dart        |    23 |    10 ||    33
Invok: Bend Space        |       |     1 ||     1
  Use: Scroll            |     2 |       ||     2
Armor: Leather armour    |    21 |     1 ||    22
Dodge: Dodged            |    60 |     5 ||    65
